AoeStats
← El Oso Rulo

Black Forest

507985545Analyzed
3v3 RM · 11d ago on Sep 20, 2026· 52m 32s· 6 players
Game mode
Random Map
Map size
Normal (6 player)
Population
200
Speed
Normal
Resources
Standard
Victory
Conquest
Starting age
Dark Age
Ending age
Imperial Age
RankedLock teamsTeams togetherTeam positionsShared explorationLock speedFull tech treeHidden civsTurbo modeCheats
Victory
Defeat
🇦🇷 Lithuanians · Argentina
829
+11
🇦🇷 Saracens · Argentina
802
+13
🇦🇷 Chinese · Argentina
770
+13
🇸🇦 Goths · Saudi Arabia
743
-13
🇨🇿 Bohemians · Czechia
718
-12
🇦🇷 Spanish · Argentina
715
-12
Alanvzqq
0:57 Loom
13:04 Feudal Age
14:20 Wheelbarrow
13:31 Double-Bit Axe
13:27 Horse Collar
13:34 Town Watch
13:49 Gold Mining
13:50 Stone Mining
22:59 Castle Age
24:38 Hand Cart
24:36 Bow Saw
24:27 Heavy Plow
25:04 Stone Shaft Mining
25:38 Town Patrol
31:42 Fortified Wall
31:43 Masonry
33:05 Murder Holes
35:21 Caravan
37:59 Imperial Age
38:26 Ballistics
38:19 Forging
38:14 Scale Barding Armor
40:43 Chemistry
40:14 Architecture
40:20 Iron Casting
40:06 Chain Barding Armor
40:51 Hoardings
40:40 Supremacy
40:43 Conscription
39:56 Sappers
40:29 Husbandry
41:12 Onager
43:43 Cavalier
45:28 Paladin
xTc
10:37 Feudal Age
15:39 Castle Age
13:55 Double-Bit Axe
14:05 Horse Collar
17:32 Bow Saw
17:23 Pikeman
22:18 Heavy Plow
22:14 Gold Mining
22:23 Stone Mining
25:37 Stone Shaft Mining
27:52 Scale Mail Armor
28:03 Forging
34:43 Imperial Age
33:17 Chain Mail Armor
33:37 Iron Casting
33:36 Squires
35:58 Halberdier
38:48 Capped Ram
43:40 Elite Huskarl
44:22 Perfusion
44:28 Perfusion
Alorix
9:57 Loom
12:53 Feudal Age
14:29 Horse Collar
18:20 Castle Age
17:26 Double-Bit Axe
21:42 Bow Saw
29:44 Imperial Age
27:54 Wheelbarrow
28:23 Ballistics
29:32 Heavy Plow
31:40 Chemistry
30:35 Fletching
30:45 Padded Archer Armor
31:42 Treadmill Crane
34:05 Leather Archer Armor
35:24 Ring Archer Armor
34:49 Bodkin Arrow
37:10 Houfnice
38:49 Elite Hussite Wagon
39:35 Wagenburg Tactics
38:57 Pikeman
39:38 Squires
39:42 Bracer
39:53 Forging
39:44 Scale Mail Armor
42:51 Hand Cart
43:32 Iron Casting
43:12 Chain Mail Armor
44:50 Two-Man Saw
44:55 Halberdier
46:16 Plate Mail Armor
46:47 Blast Furnace
El Oso Rulo
0:29 Loom
12:14 Feudal Age
13:01 Double-Bit Axe
19:16 Horse Collar
21:13 Gold Mining
21:13 Stone Mining
23:48 Castle Age
24:48 Bow Saw
24:53 Husbandry
26:04 Heavy Plow
26:57 Forging
26:52 Scale Barding Armor
26:38 Fletching
28:24 Stone Shaft Mining
28:38 Fortified Wall
28:44 Treadmill Crane
30:24 Chain Barding Armor
30:24 Bodkin Arrow
32:44 Wheelbarrow
33:40 Iron Casting
34:08 Ballistics
36:38 Murder Holes
38:38 Hand Cart
44:21 Imperial Age
45:40 Crop Rotation
46:13 Two-Man Saw
44:38 Cavalier
48:30 Conscription
47:31 Elite Leitis
48:57 Paladin
52:17 Plate Barding Armor
51:37 Bodkin Arrow
Mancuso
1:00 Loom
11:41 Feudal Age
15:00 Horse Collar
16:06 Double-Bit Axe
21:28 Castle Age
19:44 Scale Barding Armor
19:36 Fishing Lines
20:23 Gold Mining
21:12 Forging
20:53 Fletching
22:20 Heavy Plow
23:28 Chain Barding Armor
24:15 Iron Casting
23:57 Bow Saw
25:46 Bodkin Arrow
26:16 Caravan
27:14 Gillnets
27:27 Scale Mail Armor
30:58 Murder Holes
33:36 Imperial Age
30:54 Town Watch
31:45 Wheelbarrow
32:43 Masonry
34:05 Treadmill Crane
35:03 Plate Barding Armor
35:29 Blast Furnace
34:44 Chain Mail Armor
35:00 Conscription
34:00 Elite Mameluke
35:51 Bloodlines
35:43 Husbandry
35:31 Heavy Camel Rider
36:56 Light Cavalry
37:41 Husbandry
41:49 Hussar
48:26 Counterweights
Yisus
16:25 Feudal Age
22:30 Castle Age
21:23 Padded Archer Armor
21:13 Fletching
27:39 Double-Bit Axe
28:15 Leather Archer Armor
29:19 Stone Mining
29:19 Gold Mining
30:07 Wheelbarrow
32:58 Stone Shaft Mining
36:29 Imperial Age
35:11 Bow Saw
35:26 Hand Cart
34:57 Town Watch
34:56 Horse Collar
35:57 Gold Shaft Mining
36:24 Fortified Wall
36:36 Ballistics
36:27 Masonry
37:30 Elite Chu Ko Nu
39:27 Conscription
40:11 Chemistry
40:14 Town Patrol
40:47 Ring Archer Armor
40:12 Bodkin Arrow
40:15 Pikeman
40:56 Squires
40:41 Arson
43:30 Two-Man Saw
42:43 Bracer
42:46 Murder Holes
42:42 Heated Shot
Connection lost

Rejoining the realm…

Still unreachable

The connection could not be restored.

Session expired

The server has moved on; the page needs a fresh start.